 Dungeon Crawl Stone Soup version 0.18-a0-824-g47fe746 (webtiles) character file.

83 patman the Ruffian (level 4, -3/44 HPs)
             Began as a Troll Monk on Dec 17, 2015.
             Slain by Sigmund
             ... wielding a +0 scythe
              (8 damage)
             ... on level 4 of the Dungeon.
             The game lasted 00:02:32 (499 turns).

patman the Ruffian (Troll Monk)                      Turns: 499, Time: 00:02:32

Health: -3/44      AC:  5    Str: 19    XL:     4   Next: 22%
Magic:  3/3        EV: 10    Int:  7    God:
Gold:   70         SH:  0    Dex: 12    Spells: 0 memorised, 3 levels left

rFire  . . .     SeeInvis .       - Unarmed
rCold  . . .     Gourm    +     a - +0 robe
rNeg   . . .     Faith    .     (no shield)
rPois  .         Spirit   .     (helmet restricted)
rElec  .         Dismiss  .     (no cloak)
rCorr  .         Reflect  .     (gloves unavailable)
SustAt .         Harm     .     (boots unavailable)
MR     .....                    (no amulet)
Stlth  +.........               (no ring)
                                (no ring)

@: not resistant to hostile enchantments, very unstealthy
A: unfitting armour, claws 3, fast metabolism 3, gourmand, regeneration 2,
shaggy fur 1, tough skin 2
a: no special abilities


You were on level 4 of the Dungeon.
You were very full.

You visited 1 branch of the dungeon, and saw 4 of its levels.

You collected 70 gold pieces.

Inventory:

Missiles
 f - 30 stones (quivered)
Armour
 a - a +0 robe (worn)
Jewellery
 h - an uncursed ring of ice
Scrolls
 e - a scroll of noise {unknown}
 j - a scroll of amnesia {unknown}
Potions
 i - a potion of cancellation
Comestibles
 b - 2 bread rations
 g - 7 chunks of flesh


   Skills:
 + Level 2.7 Fighting
 + Level 2.9 Dodging
 + Level 1.1 Stealth
 + Level 5.2 Unarmed Combat


You had 3 spell levels left.
You didn't know any spells.

Dungeon Overview and Level Annotations

Branches:
Dungeon (4/15)
 Temple: D:4-7

Altars:
Vehumet

Annotations:
D:4 exclusion: statue, Sigmund


Innate Abilities, Weirdness & Mutations

You are too large for most types of armour.
You have claws for hands.
Your metabolism is lightning-fast.
You like to eat raw meat.
You heal very quickly.
You are covered in fur (AC +1).
You have very tough skin (AC +2).


Message History

Drink which item? (? for menu, Esc to quit)
You feel better. Something hits you.
* * * LOW HITPOINT WARNING * * *
Drink which item? (? for menu, Esc to quit)
You feel better.
You hear some strange, mumbled words.
Something tries to affect you, but you resist.
Something hits you but does no damage.
You see here a hound corpse.
You miss something. You claw something. You closely miss something.
Something hits you!
* * * LOW HITPOINT WARNING * * *
You miss something. You scratch something but do no damage.
Your claw misses something.
You hear some strange, mumbled words.
A magic dart appears from out of thin air!
The magic dart hits you!
* * * LOW HITPOINT WARNING * * *
You scratch something. Something hits you!
You die...

#......#######
###....###...###
####.#.......###
##.#........#
#...........
##..........
##.........
#.#.....#
##@###### #{.#
##.##
########..##
##..........#
............##
.............#
.............##
..............#


There were no monsters in sight!

Vanquished Creatures
  A hound (D:4)
  2 adders (D:2)
  A gnoll (D:1)
  A worm (D:2)
  An orc (D:2)
  2 giant cockroaches
  2 hobgoblins
  7 jackals
  A kobold (D:1)
  A bat (D:2)
  A giant newt (D:2)
  2 goblins
  A rat (D:1)
23 creatures vanquished.

Notes
Turn   | Place    | Note
--------------------------------------------------------------
     0 | D:1      | patman the Troll Monk began the quest for the Orb.
     0 | D:1      | Reached XP level 1. HP: 22/22 MP: 0/0
    85 | D:1      | Reached XP level 2. HP: 25/29 MP: 1/1
   229 | D:2      | Reached XP level 3. HP: 23/36 MP: 2/2
   406 | D:2      | Reached skill level 5 in Unarmed Combat
   437 | D:4      | Found a radiant altar of Vehumet.
   465 | D:4      | Noticed Sigmund
   491 | D:4      | Reached XP level 4. HP: 4/44 MP: 3/3
   499 | D:4      | Slain by Sigmund

Vault maps used:
D:1:      mrwooster_arrival_statue_3, serial_park_tiny_1
D:3:      lemuel_zombie_altar_yredelemnul, portal_sewer_entry_a,
          ecumenical_altar_1, uniq_terence
D:4:      vehumet_statue, zin_scriptorium, first_bread, grunt_tough_drop,
          uniq_sigmund

Action                   |  1- 3 |  4- 6 || total
-------------------------+-------+-------++-------
Melee: Unarmed           |    65 |     5 ||    70
  Use: Scroll            |     2 |       ||     2
       Potion            |       |     2 ||     2
  Eat: Chunk             |     9 |       ||     9
